Map: Cactus Valley LE (Void)

Players

Zatox - Winner!

  • Race: Protoss Protoss

Shamanas

  • Race: Terran Terran

VOD

Have the link to the VOD?

Description

Time

  • Played on: May 2, 2015, 6:48 a.m.
  • Length: 11:52
Show
View Real Time Build Order
Export as new Build Order

Zatox Protoss - Winner!

Build Orders: Nexus First 

Get SALT Encoding   

  12  0:11  Pylon  
  12  0:14  Probe  
  13  0:26  Probe (Chrono Boost)  
  14  0:38  Probe (Chrono Boost)  
  15  0:45  Probe (Chrono Boost)  
  16  0:59  Nexus  
  16  1:08  Gateway  
  16  1:12  Probe (Chrono Boost)  
  17  1:23  Probe (Chrono Boost)  
  18  1:25  Assimilator  
  18  1:29  Probe (Chrono Boost)  
  18  1:30  Assimilator  
  19  1:38  Pylon  
  19  1:41  Probe (Chrono Boost)  
  20  1:50  Probe (Chrono Boost)  
  21  1:56  Cybernetics Core  
  21  1:58  Probe  
  22  2:10  Probe (Chrono Boost)  
  24  2:17  Probe (Chrono Boost)  
  24  2:21  Probe (Chrono Boost)  
  25  2:25  Probe (Chrono Boost)  
  25  2:27  Probe  
  27  2:35  Stalker (Chrono Boost), Warp Gate  
  29  2:38  Mothership Core  
  29  2:39  Probe  
  31  2:51  Probe  
  31  3:01  Probe (Chrono Boost)  
  31  3:03  Probe (Chrono Boost)  
  34  3:14  Probe (Chrono Boost), Robotics Facility  
  34  3:15  Probe (Chrono Boost)  
  35  3:20  Stalker  
  35  3:22  Probe (Chrono Boost)  
  39  3:27  Probe (Chrono Boost)  
  39  3:28  Probe (Chrono Boost)  
  40  3:38  Pylon  
  40  3:39  Probe (Chrono Boost)  
  40  3:40  Probe (Chrono Boost)  
  42  3:45  Probe (Chrono Boost)  
  42  3:46  Pylon  
  42  3:47  Probe (Chrono Boost)  
  43  3:57  Probe (Chrono Boost)  
  43  4:00  Probe (Chrono Boost)  
  43  4:01  Observer  
  46  4:04  Probe (Chrono Boost)  
  46  4:07  Probe (Chrono Boost)  
  46  4:09  Robotics Bay  
  48  4:11  Pylon  
  48  4:14  Assimilator  
  49  4:18  Probe (Chrono Boost), Assimilator  
  49  4:19  Probe (Chrono Boost)  
  49  4:23  Pylon  
  50  4:25  Warp Prism (Chrono Boost)  
  50  4:28  Probe (Chrono Boost)  
  50  4:30  Probe (Chrono Boost)  
  54  4:35  Probe (Chrono Boost)  
  54  4:38  Probe (Chrono Boost)  
  56  4:43  Pylon  
  56  5:02  Gravitic Drive (Chrono Boost)  
  56  5:03  Pylon  
  60  5:08  Gateway, Disruptor (Chrono Boost)  
  60  5:11  Gateway x2  
  60  5:15  Twilight Council  
  60  5:16  Forge  
  60  5:22  Gateway  
  60  5:25  Disruptor  
  60  5:26  Gateway  
  60  5:42  Zealot  
  66  5:45  Disruptor (Chrono Boost)  
  66  5:47  Nexus  
  66  5:54  Disruptor x2  
  60  6:11  Zealot x4, Protoss Ground Armor Level 1  
  62  6:17  Charge (Chrono Boost)  
  68  6:21  Disruptor  
  59  6:33  Zealot  
  59  6:34  Zealot x3  
  67  6:48  Probe (Chrono Boost)  
  67  6:51  Disruptor (Chrono Boost)  
  67  6:53  Probe (Chrono Boost)  
  69  6:57  Probe (Chrono Boost)  
  69  7:00  Probe (Chrono Boost)  
  69  7:01  Probe (Chrono Boost), Pylon  
  72  7:09  Probe  
  72  7:10  Probe  
  72  7:12  Probe  
  75  7:20  Observer  
  75  7:21  Probe, Robotics Facility  
  77  7:23  Probe (Chrono Boost)  
  77  7:24  Probe (Chrono Boost), Pylon  
  79  7:31  Assimilator  
  79  7:33  Probe (Chrono Boost)  
  79  7:34  Assimilator  
  79  7:35  Probe (Chrono Boost)  
  79  7:36  Probe (Chrono Boost)  
  82  7:38  Pylon  
  82  7:39  Zealot x3  
  82  7:40  Zealot x2, Warp Prism  
  82  7:41  Pylon  
  82  7:42  Probe (Chrono Boost)  
  82  7:43  Probe (Chrono Boost)  
  86  7:59  Probe x3  
  89  8:09  Gateway x2  
  89  8:11  Gateway  
  89  8:13  Gateway  
  89  8:14  Gateway, Immortal (Chrono Boost)  
  89  8:15  Immortal (Chrono Boost)  
  97  8:31  Templar Archives  
  97  8:37  Zealot x5  
  97  8:38  Zealot  
  109  8:42  Pylon  
  109  8:43  Pylon  
  109  8:46  Protoss Ground Armor Level 2  
  109  8:47  Pylon  
  109  8:50  Immortal  
  109  8:52  Immortal (Chrono Boost)  
  117  9:10  Adept  
  114  9:20  Pylon, High Templar  
  114  9:21  High Templar x4  
  114  9:22  High Templar  
  114  9:23  Zealot, High Templar x2  
  114  9:24  Zealot  
  134  9:26  Archon x2  
  134  9:27  Archon x2  
  138  9:34  Immortal (Chrono Boost)  
  138  9:43  Observer (Chrono Boost)  
  139  9:49  Nexus  
  139  9:50  Pylon  
  139  9:54  High Templar  
  139  9:55  Zealot x4, High Templar  
  139  9:56  Zealot, Assimilator  
  153  10:13  Assimilator  
  153  10:15  Probe  
  153  10:16  Probe x2  
  153  10:21  Archon  
  154  10:26  High Templar x2  
  154  10:27  Zealot x4, High Templar x2  
  170  10:42  Disruptor x2, Photon Cannon  
  170  10:46  Pylon  
  170  10:49  Archon x2  
  167  11:03  Disruptor  
  167  11:06  Stalker x3  
  167  11:07  Stalker x6  
  132  11:28  Probe x3 (Chrono Boost)  
  134  11:33  Probe (Chrono Boost)  
Show
View Real Time Build Order
Export as new Build Order

Shamanas Terran 

Build Orders: Reaper Expand 

Get SALT Encoding   

  12  0:01  SCV  
  13  0:13  SCV  
  14  0:18  Supply Depot  
  14  0:25  SCV  
  15  0:40  SCV, Barracks  
  16  0:46  Refinery  
  16  0:52  SCV  
  17  1:04  SCV  
  18  1:16  SCV  
  19  1:29  Reaper  
  19  1:30  Orbital Command  
  20  1:47  Command Center  
  20  1:55  SCV  
  21  2:01  Barracks Reactor  
  21  2:08  SCV, Refinery  
  22  2:15  Supply Depot  
  22  2:22  SCV  
  23  2:37  SCV, Factory  
  23  2:38  Marine x2  
  26  2:49  SCV  
  27  3:01  SCV, Marine  
  27  3:02  Marine  
  30  3:06  Bunker  
  30  3:10  Missile Turret  
  30  3:13  SCV  
  30  3:19  Marine x2  
  32  3:20  Orbital Command  
  32  3:23  Factory Tech Lab  
  32  3:27  SCV  
  34  3:39  SCV, Missile Turret  
  34  3:40  Marine x2  
  37  3:41  Cyclone  
  40  3:51  SCV x2  
  42  3:57  Supply Depot  
  42  3:58  Marine x2  
  44  4:04  SCV x2  
  44  4:05  Refinery x2  
  46  4:13  Factory  
  46  4:18  SCV  
  46  4:19  SCV  
  48  4:26  Missile Turret  
  48  4:30  Supply Depot  
  48  4:31  Cyclone  
  50  4:32  Marine x2  
  52  4:39  SCV x2  
  52  4:45  Starport  
  54  4:52  SCV x2  
  58  4:55  Supply Depot  
  58  4:57  Supply Depot  
  56  5:13  Armory  
  56  5:15  SCV x2  
  56  5:16  Armory  
  56  5:18  Hellion x2  
  56  5:21  Starport Tech Lab  
  62  5:26  Cyclone  
  62  5:27  SCV x2  
  67  5:36  Missile Turret  
  67  5:39  SCV x2  
  69  5:56  Command Center  
  69  6:03  SCV x2  
  67  6:05  Hellion x2  
  67  6:07  Cyclone  
  74  6:13  Missile Turret x2  
  74  6:14  Terran Vehicle and Ship Weapons Level 1  
  74  6:15  Terran Vehicle And Ship Armor Level 1  
  74  6:21  Missile Turret  
  74  6:23  Missile Turret  
  74  6:24  SCV x2  
  71  6:36  SCV x2  
  70  6:40  Hellion x2  
  70  6:43  Banshee, Cloaking Field  
  74  6:49  Factory  
  74  6:50  Starport  
  73  6:58  Refinery  
  73  7:00  SCV x2, Refinery  
  74  7:03  Missile Turret  
  74  7:09  Orbital Command  
  74  7:12  Hellion x2  
  74  7:13  Cyclone  
  81  7:17  SCV x2  
  81  7:22  Supply Depot  
  83  7:24  Supply Depot  
  83  7:26  Banshee  
  83  7:27  Starport Reactor  
  86  7:31  SCV x2  
  86  7:35  Factory Tech Lab, Factory  
  88  7:42  SCV  
  88  7:43  SCV x2  
  90  7:54  SCV  
  90  7:55  SCV x2  
  89  8:01  Cyclone x2, Hellbat x2  
  99  8:05  Supply Depot  
  99  8:14  SCV x3  
  102  8:22  Hellbat  
  102  8:23  Terran Vehicle And Ship Armor Level 2, Factory Reactor  
  104  8:28  Viking  
  104  8:30  Raven  
  104  8:31  Hellion x5  
  104  8:32  Command Center  
  108  8:37  SCV x2  
  108  8:40  Terran Vehicle and Ship Weapons Level 2  
  110  8:43  Supply Depot  
  110  8:46  Supply Depot  
  110  8:47  Refinery  
  110  8:48  SCV  
  110  8:49  SCV, Refinery  
  112  8:57  Hellbat x2  
  116  9:04  Supply Depot  
  116  9:05  Supply Depot, Cyclone  
  116  9:07  Supply Depot  
  116  9:08  Supply Depot  
  119  9:11  SCV x3  
  116  9:17  Supply Depot, Infernal Pre-Igniter  
  116  9:21  Viking x2  
  116  9:31  SCV x2  
  118  9:39  Barracks  
  118  9:40  Cyclone, Barracks  
  118  9:41  Ghost Academy, Barracks  
  121  9:46  Missile Turret  
  121  9:48  Engineering Bay  
  120  10:01  Hellbat x4  
  120  10:02  Hellbat  
  120  10:03  Raven  
  120  10:06  Missile Turret  
  132  10:13  Planetary Fortress  
  132  10:14  SCV x3  
  132  10:20  Hellion  
  135  10:24  Hellion  
  135  10:27  Hellbat x2  
  135  10:28  Hellbat x2  
  142  10:29  Barracks Tech Lab x3  
  142  10:56  Viking x2  
  146  11:01  Ghost x3  
  125  11:21  Hellbat x3  
  125  11:22  Hellbat  
Tags
 
Add a new tag
Caveats
  • Supply blocks, unpowered buildings, or Contaminate may cause inaccurate times.
  • Supply counts are checked every 10 seconds.